 Dungeon Crawl Stone Soup version 0.25-a0-1137-g7f6bfe4 (webtiles) character file.

Game seed: 10212401594149344737, levelgen mode: deterministic

641 Firecrotchwizard the Conjurer (level 7, 0/50 HPs)
             Began as a White Draconian Fire Elementalist on May 23, 2020.
             Slain by an adder zombie (3 damage)
             ... on level 5 of the Dungeon.
             The game lasted 00:10:54 (5204 turns).

Firecrotchwizard the Conjurer (DrFE)                Turns: 5204, Time: 00:10:55

Health: 0/50       AC:  7    Str: 10    XL:     7   Next: 26%
Magic:  13/13      EV: 16    Int: 18    God:
Gold:   239        SH:  0    Dex: 13    Spells: 6/14 levels left

rFire    + . .     SeeInvis .   p - +7 hand axe of Debt {freeze, Dex+2}
rCold    . . .     Gourm    .   (no shield)
rNeg     . . .     Faith    .   (armour unavailable)
rPois    .         Spirit   .   (helmet restricted)
rElec    .         Reflect  .   (no cloak)
rCorr    .         Harm     .   (no gloves)
MR       .....                  w - +0 pair of boots
Stlth    ++........             (no amulet)
HPRegen  0.16/turn              e - +4 ring of evasion
MPRegen  0.13/turn              v - ring of fire {rF+, rC-}

@: no status effects
A: breathe frost, unfitting armour, cold resistance 1, cold-blooded, AC +6
a: Breathe Frost


You were on level 5 of the Dungeon.
You were not hungry.

You visited 1 branch of the dungeon, and saw 5 of its levels.

You collected 239 gold pieces.

Inventory:

Hand Weapons
 a - a +0 dagger
   (You took it off a kobold on level 1 of the Dungeon)
 d - a +0 short sword of venom
   (You took it off a kobold on level 1 of the Dungeon)
 o - a +2 hand axe of electrocution
   (You took it off an orc on level 4 of the Dungeon)
 p - the +7 hand axe of Debt (weapon) {freeze, Dex+2}
   (You found it on level 5 of the Dungeon)

   It has been specially enchanted to freeze those struck by it, causing extra
   injury to most foes and up to half again as much damage against particularly
   susceptible opponents.
   It can also slow down cold-blooded creatures.
   It affects your dexterity (+2).
 q - a +0 spear of venom
   (You took it off an orc on level 3 of the Dungeon)
Missiles
 h - a throwing net {=f, !d}
 i - 2 curare-tipped darts
Armour
 j - a +0 buckler
   (You found it on level 2 of the Dungeon)
 w - a +0 pair of boots (worn)
   (You found it on level 4 of the Dungeon)
Jewellery
 e - a +4 ring of evasion (left hand)
   (You found it on level 4 of the Dungeon)
 v - a ring of fire (right hand) {rF+, rC-}
   (You found it on level 4 of the Dungeon)
Wands
 n - a wand of paralysis (8)
   (You found it on level 5 of the Dungeon)
Scrolls
 f - 2 scrolls of remove curse
 g - 3 scrolls of identify
 k - 4 scrolls of teleportation
Potions
 c - a potion of haste {unknown}
 l - a potion of lignification {unknown}
 m - a potion of cancellation {unknown}
 r - 2 potions of curing {unknown}
 s - a potion of might
 t - 2 potions of flight
 u - a potion of mutation {unknown}
Comestibles
 b - 11 rations


   Skills:
 - Level 1.8 Dodging
 - Level 1.8 Stealth
 + Level 4.2 Spellcasting
 + Level 5.1 Conjurations
 + Level 4.2 Fire Magic


You had 6 spell levels left.
You knew the following spells:

 Your Spells              Type           Power        Failure   Level  Hunger
a - Foxfire               Conj/Fire      ####         1%          1    None
c - Conjure Flame         Conj/Fire      ####....     6%          3    ###....
s - Sticky Flame          Conj/Fire      ####....     21%         4    ####...

Your spell library contained the following spells:

 Spells                   Type           Power        Failure   Level  Hunger
 Inner Flame              Hex/Fire       ###.....     19%         3    ###....
 Fireball                 Conj/Fire      ####......   50%         5    ######.


Dungeon Overview and Level Annotations

Branches:
Dungeon (5/15)
 Temple: D:4-7

Altars:
Trog

Annotations:
D:2 1 exclusion
D:5 Menkaure


Innate Abilities, Weirdness & Mutations

You can breathe waves of freezing cold.
You can buffet flying creatures when you breathe cold.
Your icy white scales are hard. (AC +6)
You cannot fit into any form of body armour.
Your flesh is cold resistant. (rC+)
You are cold-blooded and may be slowed by cold attacks.


Message History

The centaur wields a +0 shortbow.
The centaur shoots an arrow.
The arrow misses you.
You see here an iguana corpse.
MP restored: 11 The centaur shoots an arrow.
The arrow completely misses you.
The centaur shoots an arrow.
The arrow closely misses you.
The centaur shoots an arrow.
The arrow hits you.
You see here an arrow.
You take 3 damage, and have 32/45 hp.
An adder comes into view.
The centaur unwields a +0 shortbow.
The centaur hits you but does no damage.
The orc completely misses you.
You barely miss the centaur. You hit the orc. You freeze the orc.
You kill the orc!
The centaur misses you. x2
You hit the centaur. You freeze the centaur. The centaur closely misses you.
The centaur barely misses you.
A frilled lizard comes into view.
You hit the centaur. You freeze the centaur.
The centaur hits you but does no damage.
The centaur barely misses you.
You slash the centaur! You freeze the centaur.
You kill the centaur!
Your Spellcasting skill increases to level 4!
You have reached level 7!
Your scales start taking on an icy white colour.
You learn Fire Magic much slower.
You learn Ice Magic much quicker.
You can breathe waves of freezing cold.
You can buffet flying creatures when you breathe cold.
You feel resistant to cold.
You slash the adder!
The adder seems to slow down.
You freeze the adder. The adder barely misses you.
You regained 4 hp, and now have 36/50 hp.
You slash the adder! You freeze the adder.
You kill the adder!
A quokka skeleton comes into view.
A centaur comes into view.
The quokka skeleton closely misses you.
A bullfrog skeleton comes into view.
The centaur wields a +0 shortbow.
The centaur shoots an arrow.
The arrow hits you!
You see here an arrow.
You take 12 damage, and have 25/50 hp.
MASSIVE DAMAGE!!
The quokka skeleton closely misses you. The quokka skeleton barely misses you.
MP restored: 13 The quokka skeleton barely misses you.
The centaur shoots an arrow.
The arrow hits you.
You see here an arrow.
You take 4 damage, and have 22/50 hp.
You slash the frilled lizard! You freeze the frilled lizard.
You kill the frilled lizard!
You hit the quokka skeleton.
The centaur shoots an arrow.
The arrow misses you. The quokka skeleton barely misses you.
An adder zombie comes into view.
The centaur unwields a +0 shortbow.
The centaur closely misses you. The quokka skeleton misses you.
The bullfrog skeleton misses you.
The centaur hits you but does no damage.
You hit the centaur. You freeze the centaur.
Your tail-slap misses the centaur.
You hit the bullfrog skeleton. You hit the quokka skeleton.
You destroy the quokka skeleton!
The bullfrog skeleton closely misses you.
The centaur completely misses you. The bullfrog skeleton misses you.
The centaur hits you.
You take 6 damage, and have 16/50 hp.
You barely miss the centaur. You tail-slap the centaur.
You slash the bullfrog skeleton!
The bullfrog skeleton barely misses you.
The centaur closely misses you.
The bullfrog skeleton barely misses you.
The centaur barely misses you.
Menkaure, Prince of Dust comes into view.
You barely miss the centaur. You tail-slap the centaur.
You slash the bullfrog skeleton!
The sentinel's mark upon you fades away.
The centaur hits you.
* * * LOW HITPOINT WARNING * * *
The bullfrog skeleton barely misses you.
Menkaure mumbles some strange words.
Menkaure seems to speed up.
The centaur hits you.
* * * LOW HITPOINT WARNING * * *
You take 8 damage, and have 8/50 hp.
You barely miss the centaur. You hit the bullfrog skeleton.
The bullfrog skeleton misses you. The centaur hits you.
* * * LOW HITPOINT WARNING * * *
Menkaure calls on the powers of darkness!
Your body is wracked with pain!
* * * LOW HITPOINT WARNING * * *
The bullfrog skeleton hits you but does no damage.
The adder zombie misses you.
You take 5 damage, and have 3/50 hp.
You slash the centaur! You freeze the centaur.
You kill the centaur!
Your Conjurations skill increases to level 5!
You hit the bullfrog skeleton.
You destroy the bullfrog skeleton!
You hit the adder zombie. The adder zombie barely misses you.
The adder zombie bites you.
You die...

§§§###+#........... #......#
.§.##..#.(........# +......#
.......# ........M# #......#
...##..# ........# #####......#
...###'#####...(..#+##...........
##+##..#...+.............).(..†((
#...'...#..(†...(.......).....
#...#...#....Z................
###'#####....@................
#............#########......#
#............# #......+
#............# #......#
#...........># #......#
#............# #.......
#............# #.......
##............#### #.......
#.....#######....######.......


You could see Menkaure (fast) and an adder zombie.

Vanquished Creatures
  2 centaurs (D:5)
  A scorpion (D:4)
  A centaur skeleton (D:4)
  An orc priest (D:3)
  A bullfrog skeleton (D:5)
  An iguana (D:5)
  Jessica (D:3)
  Natasha (thrice) (D:4)
  A worker ant (D:5)
  3 gnolls (D:4)
  3 adders
  A howler monkey skeleton (D:5)
  2 oozes
  A worm (D:2)
  4 dart slugs
  5 leopard geckos
  11 orcs
  A ball python (D:3)
  5 giant cockroaches
  16 goblins
  9 hobgoblins
  4 jackals (D:2)
  8 kobolds
  2 quokkas
  3 bats
  4 frilled lizards
  A giant cockroach zombie (D:5)
  A jackal skeleton (D:4)
  A quokka skeleton (D:5)
  13 rats
110 creatures vanquished.

Vanquished Creatures (others)
  102 foxfires
102 creatures vanquished.

Grand Total: 212 creatures vanquished

Notes
Turn   | Place    | Note
-------+----------+-------------------------------------------
     0 | D:1      | Firecrotchwizard the Draconian Fire Elementalist began the
                  | quest for the Orb.
     0 | D:1      | Reached XP level 1. HP: 14/14 MP: 3/3
   336 | D:1      | Reached XP level 2. HP: 20/20 MP: 0/5
   892 | D:1      | Reached skill level 2 in Conjurations
  1006 | D:1      | Reached XP level 3. HP: 26/26 MP: 4/6
  1531 | D:2      | Found a bloodstained altar of Trog.
  1969 | D:2      | Reached XP level 4. HP: 33/33 MP: 3/7
  2439 | D:3      | Noticed Jessica
  2444 | D:3      | Killed Jessica
  2444 | D:3      | Reached skill level 3 in Conjurations
  2890 | D:3      | Found a faded altar of an unknown god.
  3018 | D:3      | HP: 8/33 [poisoned by an orc]
  3023 | D:3      | HP: 7/33 [poisoned by an orc]
  3030 | D:3      | HP: 5/33 [poisoned by an orc]
  3038 | D:3      | HP: 4/33 [poisoned by an orc]
  3895 | D:4      | Reached XP level 5. HP: 38/38 MP: 9/9
  4000 | D:3      | Learned a level 3 spell: Conjure Flame
  4005 | D:3      | Learned a level 4 spell: Sticky Flame
  4068 | D:3      | Reached skill level 3 in Spellcasting
  4068 | D:3      | Reached skill level 4 in Fire Magic
  4257 | D:4      | Reached skill level 4 in Conjurations
  4422 | D:4      | Reached XP level 6. HP: 45/45 MP: 7/10
  4673 | D:4      | Noticed Natasha
  4680 | D:4      | Killed Natasha
  4795 | D:4      | Noticed Natasha
  4798 | D:4      | Killed Natasha
  4886 | D:4      | Noticed Natasha
  4895 | D:4      | Killed Natasha
  5025 | D:5      | Entered Level 5 of the Dungeon
  5064 | D:5      | Got an ivory hand axe
  5065 | D:5      | Identified the +7 hand axe of Debt {freeze, Dex+2} (You
                  | found it on level 5 of the Dungeon)
  5181 | D:5      | Reached skill level 4 in Spellcasting
  5181 | D:5      | Your scales start taking on an icy white colour.
  5181 | D:5      | Reached XP level 7. HP: 36/50 MP: 11/13
  5181 | D:5      | Gained mutation: Your flesh is cold resistant. (rC+) [White
                  | Draconian growth]
  5200 | D:5      | Noticed Menkaure
  5201 | D:5      | HP: 12/50 [centaur (5)]
  5202 | D:5      | HP: 4/50 [centaur (4)]
  5203 | D:5      | Reached skill level 5 in Conjurations
  5204 | D:5      | Slain by an adder zombie

Illustrated notes

Levels and vault maps discovered:
D:1:      kennysheep_arrival_forest, layout_loops_corners, bh_walls_and_bars
D:2:      layout_loops_corners, trog_hazing_becter
D:3:      kennysheep_the_goblin_king, layout_basic,
          chequers_ecumenical_altar_simple_redux, kennysheep_crisscross,
          minmay_fractal_squares_gapless_5, uniq_jessica
D:4:      layout_rooms, first_ration, uniq_natasha
D:5:      layout_gridville, uniq_menkaure

Skill      XL: |  1  2  3  4  5  6  7 |
---------------+----------------------+-----
Conjurations   | 2 3 4 5 |  5.1
Spellcasting   | 3 4 |  4.2
Fire Magic     | 4 |  4.2
Dodging        | |  1.8
Stealth        | |  1.8

Action                   |  1- 3 |  4- 6 |  7- 9 || total
-------------------------+-------+-------+-------++-------
Melee: Dagger            |    15 |       |       ||    15
       Short sword       |    57 |    44 |       ||   101
       Tailslap          |     7 |     8 |     2 ||    17
       Spear             |       |    86 |       ||    86
       Hand axe          |       |    14 |     7 ||    21
 Cast: Foxfire           |    25 |    38 |       ||    63
       Conjure Flame     |       |     1 |       ||     1
  Use: Scroll            |       |     9 |       ||     9
 Stab: Sleeping          |     4 |     4 |       ||     8
  Eat: Chunk             |     3 |    11 |       ||    14
Armor: Skin              |    14 |    40 |     2 ||    56
Dodge: Dodged            |    48 |    93 |    21 ||   162

Table legend:
 A = Non-vault XP
 B = Vault XP
 C = Vault XP percentage of total XP
 D = Non-vault monster count
 E = Vault monster count
 F = Vault count percentage of total count
                 A         B        C        D         E       F
            +---------+---------+-------+---------+---------+-------
      Total |     813 |     103 |  11.2 |      93 |      17 |  15.5
            +---------+---------+-------+---------+---------+-------
        D:1 |      44 |       0 |   0.0 |      23 |       0 |   0.0
        D:2 |      53 |       8 |  13.1 |      19 |       4 |  17.4
        D:3 |      75 |      60 |  44.4 |      18 |      12 |  40.0
        D:4 |     278 |      35 |  11.2 |      22 |       1 |   4.3
        D:5 |     363 |       0 |   0.0 |      11 |       0 |   0.0
            +---------+---------+-------+---------+---------+-------

Levels and vault maps discovered:
D:1:      kennysheep_arrival_forest, layout_loops_corners, bh_walls_and_bars
D:2:      layout_loops_corners, trog_hazing_becter
D:3:      kennysheep_the_goblin_king, layout_basic,
          chequers_ecumenical_altar_simple_redux, kennysheep_crisscross,
          minmay_fractal_squares_gapless_5, uniq_jessica
D:4:      layout_rooms, first_ration, uniq_natasha
D:5:      layout_gridville, uniq_menkaure

Table legend:
 A = Turns spent in this place as a percentage of turns spent in the entire game.
 B = Non-inter-level travel turns spent in this place as a percentage of non-inter-level travel turns spent in the entire game.
 C = Inter-level travel turns spent in this place as a percentage of turns spent in this place.
 D = Turns resting spent in this place as a percentage of non-inter-level travel turns spent in this place.
 E = Turns spent auto-exploring this place as a percentage of non-inter-level travel turns spent in this place.
 F = Non-inter-level travel turns spent in this place divided by the number of levels of this place that you've seen.
                   A       B       C       D       E      F
               +-------+-------+-------+-------+-------+----------------------
         Total | 100.0 | 100.0 |   6.0 |  28.9 |  53.5 | 978.6
       Dungeon | 100.0 | 100.0 |   6.0 |  28.9 |  53.5 | 978.6
               +-------+-------+-------+-------+-------+----------------------

Table legend:
 A = Kills in this place as a percentage of kills in entire the game.
 B = Kills by you in this place as a percentage of kills by you in the entire game.
 C = Kills by friends in this place as a percentage of kills by friends in the entire game.
 D = Other kills in this place as a percentage of other kills in the entire game.
 E = Experience gained in this place as a percentage of experience gained in the entire game.
 F = Experience gained in this place divided by the number of levels of this place that you have seen.
                   A       B       C       D       E      F
               +-------+-------+-------+-------+-------+----------------------
         Total | 100.0 | 100.0 |   N/A |   N/A | 100.0 | 183.2
       Dungeon | 100.0 | 100.0 |   N/A |   N/A | 100.0 | 183.2
               +-------+-------+-------+-------+-------+----------------------
